 Dungeon Crawl Stone Soup version 0.27-a0-320-g81d27af2d4 (webtiles) character file.

Game seed: 15438668968002210371

192 wakim the Stinger (level 5, 0/31 HPs)
             Began as an Octopode Venom Mage on Feb 11, 2021.
             Slain by an adder (1 damage)
             ... on level 4 of the Dungeon.
             The game lasted 00:12:40 (3695 turns).

wakim the Stinger (Octopode Venom Mage)             Turns: 3695, Time: 00:12:40

Health: 0/31       AC:  1    Str:  7    XL:     5   Next: 71%
Magic:  8/10       EV: 13    Int: 25    God:
Gold:   171        SH:  0    Dex: 12    Spells: 4/11 levels left

rFire    . . .     SeeInvis .     - Unarmed
rCold    . . .     Faith    .   (no shield)
rNeg     + . .     Spirit   .   (helmet restricted)
rPois    .         Reflect  .   (no amulet)
rElec    .         Harm     .   b - +6 ring of intelligence
rCorr    .         Rampage  .   f - ring of positive energy
Will     +....                  o - ring of willpower
Stlth    +++.......             (no ring)
HPRegen  0.10/turn              (no ring)
MPRegen  0.12/turn              (no ring)
                                (no ring)
                                (no ring)

@: no status effects
A: almost no armour, stealthy swim, amphibious, 8 rings, constrict 8, camouflage
1, gelatinous body 1
a: no special abilities


You were on level 4 of the Dungeon.
You visited 1 branch of the dungeon, and saw 4 of its levels.

You collected 171 gold pieces.

Inventory:

Missiles
 g - 160 stones
Jewellery
 b - a +6 ring of intelligence (left tentacle)
 f - a ring of positive energy (right tentacle)
 h - a ring of ice {unknown}
 o - a ring of willpower (on tentacle)
Wands
 p - a wand of mindburst (13)
Scrolls
 a - 3 scrolls of identify
 c - 4 scrolls of teleportation
 k - 3 scrolls of blinking
Potions
 d - a potion of brilliance {unknown}
 e - 5 potions of curing
 i - 2 potions of might
 j - a potion of resistance
 q - a potion of heal wounds


   Skills:
 - Level 2.0 Dodging
 - Level 2.6 Stealth
 + Level 2.1 Unarmed Combat
 * Level 3.6 Spellcasting
 - Level 1.0 Transmutations
 * Level 5.4 Poison Magic


You had 4 spell levels left.
You knew the following spells:

 Your Spells              Type           Power        Failure   Level
a - Sting                 Tmut/Pois      80%          2%          1
b - Poisonous Vapours     Pois/Air       36%          4%          2
c - Olgreb's Toxic Radia  Pois           32%          10%         4

Your spell library contained the following spells:

 Spells                   Type           Power        Failure   Level
 Ignite Poison            Fire/Tmut/Pois 15%          12%         3
 Mephitic Cloud           Conj/Pois/Air  13%          14%         3


Dungeon Overview and Level Annotations

Branches:
Dungeon (4/15)             Temple (0/1) D:4

Altars:
Fedhas
Okawaru
Trog
Yredelemnul

Annotations:
D:3 exclusion: door


Innate Abilities, Weirdness & Mutations

You cannot wear most types of armour.
You are very stealthy in the water. (Stealth+)
You are amphibious.
You can wear up to eight rings at the same time.
You can use your tentacles to constrict eight enemies at once.
Your skin changes colour to match your surroundings (Stealth+).
Your rubbery body absorbs attacks. (AC +1, EV +1)


Message History

You constrict the river rat, but do no damage.
The river rat bites you!
You barely miss the river rat.
You tentacle-slap the river rat, but do no damage.
The river rat is heavily wounded.
You constrict the river rat, but do no damage.
The river rat misses you.
You tentacle-slap the river rat but do no damage.
The river rat is heavily wounded.
You constrict the river rat, but do no damage.
The river rat closely misses you.
You tentacle-slap the river rat but do no damage.
The river rat is heavily wounded.
You constrict the river rat. The river rat bites you!
* * * LOW HITPOINT WARNING * * *
You barely miss the river rat. You squeeze the river rat.
The river rat is almost dead.
You constrict the river rat.
You kill the river rat!
Found 13 gold pieces.
Found a glowing dagger.
Found a bloodstained altar of Trog.
Things that are here:
a river rat corpse; a rat corpse You hear the slow rusting of a distant drain.
The adder hisses angrily.
The river rat twitches its whiskers.
The adder barely misses you. The adder closely misses you. The adder bites you.
* * * LOW HITPOINT WARNING * * *
The adder bites you.
* * * LOW HITPOINT WARNING * * *
Casting: Olgreb's Toxic Radiance (quite dangerous; 10% risk of failure)
Confirm with . or Enter, or press ? or * to list all spells.
Aiming: Poisonous Vapours (safe; 4% risk of failure)
Press: ? - help, Dir - move target, f - adder
Aim: an adder Poisonous vapours surround the adder!
The adder is engulfed in poison gas.
The adder is poisoned.
The adder bites you.
You die...

#....)†....#*#.<**8,,,8* *,*
#####)####.##..*****+*** *,**
#(# #.#..** **,** ***,,, ##.#
#r#.## **≈,≈***,,,,, #..#
#.#<.# *≈≈≈,≈***,,,,
#####.#####.##.###*≈≈,≈≈≈*,,,,,
#.........#.##<.?#**,≈≈≈≈**,,,,
#.........#.####.#**,,≈≈***,,,,
#............S@..#*,,,≈≈***,,,,
###########.######*,,,,***,,,,,
#.# **,,,,,* **,,,,
#.#****,,,,,,****,,,,
****#.#*,,,,****,,,,*,,,,
*,,,...,,,*** ****,,,,,,
*,,,...,,,* ***,,,, *,,,...,,,*
*,,,, *,,,,,,,,,* *,,,,


You could see an adder (poisoned).

Vanquished Creatures
  A gnoll shaman (D:4)
  A hound zombie (D:3)
  4 gnolls (D:4)
  3 adders
  A river rat (D:4)
  3 worms
  A dart slug (D:1)
  An orc (D:3)
  3 bats
  4 giant cockroaches (D:1)
  11 goblins
  12 hobgoblins
  6 kobolds
  A quokka (D:2)
  3 frilled lizards
  7 rats
62 creatures vanquished.

Notes
Turn   | Place    | Note
-------+----------+-------------------------------------------
     0 | D:1      | wakim the Octopode Venom Mage began the quest for the Orb.
     0 | D:1      | Reached XP level 1. HP: 11/11 MP: 3/3
   217 | D:1      | Reached XP level 2. HP: 17/17 MP: 5/5
   345 | D:1      | Learned a level 2 spell: Poisonous Vapours
   447 | D:1      | Reached skill level 4 in Poison Magic
   900 | D:1      | Reached XP level 3. HP: 17/21 MP: 0/6
   979 | D:1      | Reached skill level 1 in Unarmed Combat
  1945 | D:2      | Reached XP level 4. HP: 27/27 MP: 3/8
  2192 | D:2      | Found a blossoming altar of Fedhas.
  2201 | D:2      | Found an iron altar of Okawaru.
  2539 | D:3      | Found a basalt altar of Yredelemnul.
  2645 | D:3      | Learned a level 4 spell: Olgreb's Toxic Radiance
  3098 | D:3      | Reached skill level 5 in Poison Magic
  3579 | D:4      | Reached XP level 5. HP: 28/31 MP: 4/9
  3668 | D:4      | Found a bloodstained altar of Trog.
  3694 | D:4      | HP: 1/31 [adder (2)]
  3695 | D:4      | Slain by an adder

Illustrated notes

Levels and vault maps discovered:
D:1:      amcnicky_arrival_wind_blow, layout_basic, minmay_octomino_j4
D:2:      layout_loops_ring, amethyst_overflow_temple_binary
D:3:      layout_basic, yredelemnul_forgotten_temple_becter, corner_web_ring
D:4:      layout_rooms, bloody_trog, minmay_temple_entry_fiery,
          lightli_sewer_entry_pipes

Skill      XL: |  1  2  3  4  5 |
---------------+----------------+-----
Poison Magic   | 4 5 |  5.4
Unarmed Combat | 1 2 |  2.1
Spellcasting   | 3 |  3.6
Dodging        | |  2.0
Stealth        | |  2.6
Transmutations | |  1.0

Action                   |  1- 3 |  4- 6 || total
-------------------------+-------+-------++-------
Melee: Unarmed           |    31 |    33 ||    64
       Constrict         |     8 |     7 ||    15
       Tentacles         |     8 |     9 ||    17
       Punch             |       |     1 ||     1
 Cast: Poisonous Vapours |    35 |    25 ||    60
       Olgreb's Toxic Ra |       |     2 ||     2
  Use: Scroll            |       |    11 ||    11
Armor: Skin              |     2 |     1 ||     3
Dodge: Dodged            |    11 |    21 ||    32

Table legend: (Time is in decaauts)
 A = Elapsed time spent in this place.
 B = Non-inter-level travel time spent in this place.
 C = Inter-level travel time spent in this place.
 D = Time resting spent in this place.
 E = Time spent auto-exploring this place.
 F = Levels seen in this place.
 G = Mean time per level.
                   A        B        C        D        E       F      G
               +--------+--------+--------+--------+--------+-----+--------+
         Total |   3693 |   3598 |     95 |   1039 |   1322 |   4 |  923.2 |
       Dungeon |   3693 |   3598 |     95 |   1039 |   1322 |   4 |  923.2 |
               +--------+--------+--------+--------+--------+-----+--------+

Top non-repeatable levels by time:
     D:1: 1364 daAuts
     D:3: 1307 daAuts
     D:2: 866 daAuts
     D:4: 156 daAuts
